 Dungeon Crawl Stone Soup version 0.23.1 (webtiles) character file.

Game seed: 1550603701394788855

145 Borgoz the Insei (level 5, 0/55 HPs)
             Began as a Demonspawn Transmuter on Mar 9, 2019.
             Killed from afar by an orc wizard (8 damage)
             ... with a magic dart
             ... on level 4 of the Dungeon.
             The game lasted 00:08:08 (4186 turns).

Borgoz the Insei (Demonspawn Transmuter)            Turns: 4186, Time: 00:08:09

Health: 0/55       AC:  5    Str: 16    XL:     5   Next: 6%
Magic:  7/8        EV: 13    Int: 15    God:
Gold:   204        SH:  0    Dex: 13    Spells: 4/8 levels left

rFire    . . .     SeeInvis .     - Unarmed
rCold    . . .     Gourm    .   (no shield)
rNeg     . . .     Faith    .   b - +0 robe
rPois    .         Spirit   .   (no helmet)
rElec    .         Reflect  .   (no cloak)
rCorr    .         Harm     .   (no gloves)
MR       .....                  m - +2 pair of boots
Stlth    ..........             (no amulet)
HPRegen  0.18/turn              (no ring)
MPRegen  0.11/turn              (no ring)

@: berserking, appendage (expiring), very quick
A: horns 2, sturdy frame 1
a: End Transformation


You were on level 4 of the Dungeon.
You were not hungry.
You had grown temporary horns.
You visited 1 branch of the dungeon, and saw 4 of its levels.

You collected 204 gold pieces.

Inventory:

Armour
 b - a +0 robe (worn)
 i - a +0 leather armour
 m - a +2 pair of boots (worn)
Scrolls
 c - 3 scrolls of teleportation
 g - a scroll of remove curse
 h - a scroll of noise {unknown}
 k - 2 scrolls of blinking
Potions
 a - a potion of berserk rage
 e - a potion of brilliance
 f - a potion of invisibility {unknown}
 j - a potion of resistance {unknown}
 n - 2 potions of curing {unknown}
Comestibles
 d - 6 rations
 l - 6 chunks of flesh


   Skills:
 + Level 1.6 Fighting
 + Level 2.4 Dodging
 + Level 1.4 Stealth
 + Level 4.2 Unarmed Combat
 + Level 2.3 Spellcasting
 + Level 1.9 Transmutations


You had 4 spell levels left.
You knew the following spells:

 Your Spells              Type           Power        Failure   Level  Hunger
a - Beastly Appendage     Tmut           #.....       10%         1    #......
b - Spider Form           Tmut/Pois      #.........   41%         3    ###....

Your spell library contained the following spells:

 Spells                   Type           Power        Failure   Level  Hunger
 Sticks to Snakes         Tmut           #.......     14%         2    ###....
 Ice Form                 Ice/Tmut       #.......     82%         4    #####..
 Blade Hands              Tmut           #.........   95%         5    ######.


Dungeon Overview and Level Annotations

Branches:
Dungeon (4/15)
 Temple: D:4-7

Altars:
Fedhas
Kikubaaqudgha
Qazlal
Sif Muna
Yredelemnul

Annotations:
D:3 2 transporters, Menkaure


Innate Abilities, Weirdness & Mutations

Your movements are slightly less encumbered by armour. (ER -2)
You have a pair of horns on your head.


Message History

Beogh smites you! The orc wizard closely misses you.
Unknown command.
You are too injured to fight recklessly!
You closely miss the orc priest. The orc barely misses you. The orc hits you.
* * * LOW HITPOINT WARNING * * *
The orc priest barely misses you. The orc priest misses you.
The orc wizard points at you and mumbles some strange words.
The magic dart hits you.
* * * LOW HITPOINT WARNING * * *
You hit the orc priest. You headbutt the orc priest.
The orc priest is heavily wounded.
The orc hits you but does no damage. The orc closely misses you.
The orc priest hits you but does no damage. x2
Unknown command.
It was a potion of berserk rage.
A red film seems to cover your vision as you go berserk!
You feel yourself moving faster!
You feel mighty! The orc wizard casts a spell at you. The magic dart hits you!
You die...

... #.. #... ##
###..# # ...
..... .#
...###..####.##
.......ooo....#
##.....o@o...#
.........##..#
...>##..###..#
###..##..###..#
.........##..#
##..###.###..#
#..###.###..#
#...........##
#.........รท..#


You could see 2 orc priests, an orc wizard and 2 orcs.

Vanquished Creatures
  An orc wizard (D:3)
  An adder (D:2)
  An ooze (D:1)
  2 worms
  A dart slug (D:2)
  3 leopard geckos
  9 orcs (D:3)
  3 bats
  8 giant cockroaches
  7 goblins
  9 hobgoblins
  2 jackals (D:2)
  12 kobolds
  A quokka (D:2)
  4 ball pythons
  6 frilled lizards
  9 rats
79 creatures vanquished.

Notes
Turn   | Place    | Note
-------+----------+-------------------------------------------
     0 | D:1      | Borgoz the Demonspawn Transmuter began the quest for the
                  | Orb.
     0 | D:1      | Reached XP level 1. HP: 15/15 MP: 3/3
   218 | D:1      | Reached skill level 3 in Unarmed Combat
   468 | D:1      | Gained mutation: Your movements are slightly less
                  | encumbered by armour. (ER -2) [demonic ancestry]
   468 | D:1      | Reached XP level 2. HP: 17/21 MP: 5/5
   938 | D:1      | Reached XP level 3. HP: 23/26 MP: 6/6
  1308 | D:1      | Learned a level 3 spell: Spider Form
  2033 | D:2      | Found a blossoming altar of Fedhas.
  2292 | D:2      | HP: 1/26 [rat (2)]
  2652 | D:2      | Reached XP level 4. HP: 20/32 MP: 7/7
  2859 | D:3      | Found a transporter.
  2887 | D:3      | Found a transporter.
  2937 | D:3      | HP: 1/32 [quokka (3)]
  2948 | D:2      | HP: 1/32 [quokka (1)]
  3270 | D:3      | Found a stormy altar of Qazlal.
  3303 | D:3      | Found an ancient bone altar of Kikubaaqudgha.
  3324 | D:3      | Noticed Menkaure
  3330 | D:3      | Found a basalt altar of Yredelemnul.
  3456 | D:3      | Reached skill level 4 in Unarmed Combat
  4065 | D:3      | Reached skill level 1 in Stealth
  4065 | D:3      | Reached XP level 5. HP: 34/37 MP: 8/8
  4088 | D:3      | Found a deep blue altar of Sif Muna.
  4186 | D:4      | Killed from afar by an orc wizard

Skill      XL: |  1  2  3  4 |
---------------+-------------+-----
Unarmed Combat | 3 4 |  4.2
Dodging        | 2 |  2.4
Stealth        | 1 |  1.4
Fighting       | |  1.6
Spellcasting   | |  2.3
Transmutations | |  1.9

Action                   |  1- 3 |  4- 6 || total
-------------------------+-------+-------++-------
Melee: Unarmed           |   236 |   151 ||   387
       Headbutt          |     3 |     8 ||    11
       Punch             |     1 |     2 ||     3
       Kick              |     1 |       ||     1
 Cast: Beastly Appendage |     3 |     6 ||     9
       Spider Form       |       |     1 ||     1
  Use: Scroll            |     6 |     1 ||     7
       Potion            |     1 |     1 ||     2
 Stab: Sleeping          |     5 |       ||     5
       Distracted        |       |     1 ||     1
  Eat: Chunk             |     6 |     5 ||    11
Armor: Robe              |    31 |    54 ||    85
Dodge: Dodged            |   139 |   132 ||   271
